 Dungeon Crawl Stone Soup version 0.29-a0-82-g837932c90e (webtiles) character file.

Game seed: 14145949152835239320

7 HallandMoats the Sneak (level 2, 0/18 HPs)
             Began as a Kobold Brigand on Feb 4, 2022.
             Slain by a giant cockroach (1 damage)
             ... on level 1 of the Dungeon.
             The game lasted 00:00:39 (163 turns).

HallandMoats the Sneak (Kobold Brigand)              Turns: 163, Time: 00:00:39

Health: 0/18       AC:  3    Str:  8    XL:     2   Next: 5%
Magic:  2/2        EV: 14    Int: 12    God:
Gold:   0          SH:  0    Dex: 16    Spells: 1/1 levels left

rFire   . . .      SeeInvis .   a - +2 dagger
rCold   . . .      Faith    .   (no shield)
rNeg    . . .      Spirit   .   b - +0 robe
rPois   .          Reflect  .   (no helmet)
rElec   .          Harm     .   c - +0 cloak
rCorr   .          Rampage  .   (no gloves)
Will    .....                   (no boots)
Stlth   ++++......              (no amulet)
HPRegen 0.06/turn               (no ring)
MPRegen 0.08/turn               (no ring)

@: lethally poisoned (0 -> -8)
A: small, no large weapons, nightstalker 3
a: no special abilities


You were on level 1 of the Dungeon.
You visited 1 branch of the dungeon, and saw 1 of its levels.

Inventory:

Hand Weapons
 a - a +2 dagger (weapon)
Missiles
 d - 8 poisoned darts (quivered)
 e - 2 curare-tipped darts
Armour
 b - a +0 robe (worn)
 c - a +0 cloak (worn)


   Skills:
 * Level 2.3 Fighting
 * Level 3.0 Short Blades
 - Level 2.1 Throwing
 + Level 0.1 Armour
 + Level 1.3 Dodging
 * Level 5.4 Stealth


You had one spell level left.
You didn't know any spells.
Your spell library was empty.

Dungeon Overview and Level Annotations

Branches:
Dungeon (1/15)

Altars:


Innate Abilities, Weirdness & Mutations

You are small and have problems with some larger weapons.
You are completely attuned to the shadows.


Message History

The kobold is moderately wounded.
A ball python comes into view.
The kobold misses you. The quokka closely misses you.
You hit the kobold but do no damage.
The kobold is moderately wounded.
The kobold hits you with a +0 short sword.
The kobold closely misses you. The quokka closely misses you.
You closely miss the kobold.
The kobold is moderately wounded.
The kobold closely misses you. x2; The quokka misses you.
You hit the kobold but do no damage.
The kobold is moderately wounded.
The kobold closely misses you.
The kobold hits you with a +1 short sword of venom.
The quokka barely misses you.
You hit the kobold but do no damage.
The kobold is moderately wounded.
The kobold hits you but does no damage. The kobold misses you.
The quokka closely misses you. The ball python misses you.
The ball python barely misses you.
You hit the kobold.
The kobold is severely wounded.
The kobold barely misses you. The quokka bites you.
You hit the kobold.
You kill the kobold!
The ball python closely misses you. The ball python grabs you.
The ball python constricts you.
The kobold hits you with a +1 short sword of venom.
You are lethally poisoned!
The ball python bites you. The ball python constricts you.
* * * LOW HITPOINT WARNING * * *
The quokka closely misses you.
Your Short Blades skill increases to level 3!
You have reached level 2!
Unknown command.
You escape the ball python's grasp.
* * * LOW HITPOINT WARNING * * *
You feel very sick. The giant cockroach bites you.
You die...

##################
#................. #
#.####............
##.#.####.######.....
#.........# #S....
#....)....######Kr...
#..............@B)...
####.##...######.....
#......######.###.
#####..#.......
#..#........
#......... #.##......
#.##...... ..##......


You could see a quokka, a giant cockroach, a ball python and a kobold.

Vanquished Creatures
  A dart slug (D:1)
  An endoplasm (D:1)
  2 kobolds (D:1)
4 creatures vanquished.

Notes
Turn   | Place    | Note
-------+----------+-------------------------------------------
     0 | D:1      | HallandMoats the Kobold Brigand began the quest for the
                  | Orb.
     0 | D:1      | Reached XP level 1. HP: 12/12 MP: 1/1
   163 | D:1      | Reached XP level 2. HP: 4/18 MP: 2/2
   163 | D:1      | Slain by a giant cockroach

Illustrated notes

Levels and vault maps discovered:
D:1:      mushboom_english_gardens, layout_basic, minmay_domino_2

Skill      XL: |  1 |
---------------+----+-----
Short Blades   | 3 |  3.0
Fighting       | |  2.3
Throwing       | |  2.1
Armour         | |  0.1
Dodging        | |  1.3
Stealth        | |  5.4

Action                   || total
-------------------------++-------
Melee: Dagger            ||    14
 Stab: Sleeping          ||     2
Armor: Robe              ||     3
Dodge: Dodged            ||    19

Table legend: (Time is in decaauts)
 A = Elapsed time spent in this place.
 B = Non-inter-level travel time spent in this place.
 C = Inter-level travel time spent in this place.
 D = Time resting spent in this place.
 E = Time spent auto-exploring this place.
 F = Levels seen in this place.
 G = Mean time per level.
                   A        B        C        D        E       F      G
               +--------+--------+--------+--------+--------+-----+--------+
         Total |    161 |    161 |      0 |      0 |    132 |   1 |  161.0 |
       Dungeon |    161 |    161 |      0 |      0 |    132 |   1 |  161.0 |
               +--------+--------+--------+--------+--------+-----+--------+

Top non-repeatable levels by time:
     D:1: 161 daAuts
